 Dungeon Crawl Stone Soup version 0.27-a0-972-gd1521fd518 (webtiles) character file.

Game seed: 5331692002542031215

13 Lenkkari the Skirmisher (level 2, -4/27 HPs)
             Began as a Hill Orc Fighter on Apr 13, 2021.
             Killed from afar by a steam dragon (18 damage)
             ... with a ball of steam
             ... on level 2 of the Dungeon.
             The game lasted 00:02:11 (1138 turns).

Lenkkari the Skirmisher (Hill Orc Fighter)          Turns: 1138, Time: 00:02:11

Health: -4/27      AC:  6    Str: 18    XL:     2   Next: 37%
Magic:  2/2        EV:  7    Int:  8    God:
Gold:   100        SH:  9    Dex: 10    Spells: 1/1 levels left

rFire    . . .     SeeInvis .   a - +0 war axe
rCold    . . .     Faith    .   c - +0 kite shield
rNeg     . . .     Spirit   .   b - +0 scale mail
rPois    .         Reflect  .   (no helmet)
rElec    .         Harm     .   h - scarf {repulsion}
rCorr    .         Rampage  .   (no gloves)
Will     .....                  (no boots)
Stlth    ..........             (no amulet)
HPRegen  0.09/turn              (no ring)
MPRegen  0.08/turn              (no ring)

@: repel missiles
A: no striking features
a: no special abilities


You were on level 2 of the Dungeon.
You visited 1 branch of the dungeon, and saw 2 of its levels.

You collected 100 gold pieces.

Inventory:

Hand Weapons
 a - a +0 war axe (weapon)
 j - a +2 short sword of speed
Armour
 b - a +0 scale mail (worn)
 c - a +0 kite shield (worn)
 h - a scarf of repulsion (worn)
Scrolls
 f - a scroll of fog {unknown}
 g - 3 scrolls of summoning {unknown}
 i - a scroll of amnesia {unknown}
Potions
 d - a potion of might
 e - a potion of curing {unknown}


   Skills:
 + Level 3.9 Fighting
 + Level 3.1 Axes
 + Level 3.5 Armour
 + Level 3.5 Shields


You had one spell level left.
You didn't know any spells.
Your spell library was empty.

Dungeon Overview and Level Annotations

Branches:
Dungeon (2/15)

Altars:


Message History

Found a stone staircase leading down.
There is a stone staircase leading down here.
You now have 84 gold pieces (gained 11).
You now have 100 gold pieces (gained 16).
There is an open gate here.
You enter the shallow water.
Moving in this stuff is going to be slow.
Partly explored, can't reach some places.
Partly explored, can't reach some places.
Partly explored, can't reach some places.
Partly explored, can't reach some places.
Why would you want to do that? Why would you want to do that?
You enter the shallow water.
Moving in this stuff is going to be slow.
Why would you want to do that?
Search for what [? for help]? .
There is an open gate here.
You see here a +2 short sword of speed.
Unknown command.
j - a +2 short sword of speed
Okay, then.
There is a stone staircase leading down here.
You climb downwards.
There is a stone staircase leading up here.
A goblin comes into view. It is wielding a +0 dagger of venom.
The goblin shouts!
You slash the goblin!
You kill the goblin!
A steam dragon comes into view.
The steam dragon hisses angrily.
The steam dragon breathes steam at you. The ball of steam hits you!
You see here a +0 dagger of venom.
The steam dragon bites you. The steam dragon barely misses you.
The steam dragon breathes steam at you. The ball of steam hits you!!
Ouch! That really hurt!
You die...

## ..# . ..# .# ..#
##########. ..#
#......... ..#
#........# ..#
#........#######.##
#...........@§D)..#
#........####§.........
#.....<..# #.....#...#
#........# #.....# #.#
########## #.....# .
......# ##.....#
#.....#


You could see a steam dragon (catching breath).

Vanquished Creatures
  3 endoplasms (D:1)
  2 goblins
  3 bats (D:1)
  A frilled lizard (D:1)
  2 kobolds (D:1)
  2 rats (D:1)
13 creatures vanquished.

Vanquished Creatures (others)
  A plant (D:1)
1 creature vanquished.

Grand Total: 14 creatures vanquished

Notes
Turn   | Place    | Note
-------+----------+-------------------------------------------
     0 | D:1      | Lenkkari the Hill Orc Fighter began the quest for the Orb.
     0 | D:1      | Reached XP level 1. HP: 19/19 MP: 1/1
   600 | D:1      | Reached XP level 2. HP: 27/27 MP: 2/2
  1134 | D:2      | Noticed a steam dragon
  1138 | D:2      | Killed from afar by a steam dragon

Illustrated notes

Levels and vault maps discovered:
D:1:      kennysheep_arrival_seaside, layout_rooms, minmay_heptomino_l4
D:2:      layout_rooms, serial_shops, shop, shop, nicolae_shop_behind_doors,
          shop, palyth_stone_intersect

Skill      XL: |  1  2 |
---------------+-------+-----
Axes           | 3 |  3.1
Fighting       | |  3.9
Armour         | |  3.5
Shields        | |  3.5

Action                   || total
-------------------------++-------
Melee: War axe           ||    40
Armor: Scale mail        ||    33
Dodge: Dodged            ||    19
Block: Kite shield       ||    18

Table legend: (Time is in decaauts)
 A = Elapsed time spent in this place.
 B = Non-inter-level travel time spent in this place.
 C = Inter-level travel time spent in this place.
 D = Time resting spent in this place.
 E = Time spent auto-exploring this place.
 F = Levels seen in this place.
 G = Mean time per level.
                   A        B        C        D        E       F      G
               +--------+--------+--------+--------+--------+-----+--------+
         Total |   1164 |   1108 |     56 |    369 |    517 |   2 |  582.0 |
       Dungeon |   1164 |   1108 |     56 |    369 |    517 |   2 |  582.0 |
               +--------+--------+--------+--------+--------+-----+--------+

Top non-repeatable levels by time:
     D:1: 1148 daAuts
     D:2: 15 daAuts
